Map: Abiogenesis LE

Players

YorkiePud

  • Race: Zerg Zerg
  • League: Diamond
  • Spawn Location: 5:00

Focus - Winner!

  • Race: Terran Terran
  • League: Diamond
  • Spawn Location: 11:00

VOD

Have the link to the VOD?

Description

<3 Mastery is indeed a path, today i didnt trip over my shoes half as much!

Time

  • Played on: Feb. 19, 2018, 11:57 p.m.
  • Length: 13:58
Show
View Real Time Build Order
Export as new Build Order

YorkiePud Zerg 

Build Orders: Hatch First, Muta Ling Bane 

Get SALT Encoding   

  12  0:00  Drone  
  13  0:12  Overlord  
  13  0:18  Drone  
  14  0:31  Drone x2  
  16  0:43  Drone  
  17  0:53  Hatchery  
  17  0:56  Drone  
  17  1:02  Drone  
  18  1:10  Extractor  
  17  1:16  Spawning Pool  
  17  1:18  Drone  
  17  1:21  Drone  
  18  1:39  Drone x2  
  20  1:50  Overlord  
  20  2:05  Hatchery  
  19  2:09  Queen  
  19  2:10  Zergling x2  
  19  2:13  Zergling x2  
  23  2:19  Drone  
  23  2:20  Drone  
  25  2:25  Drone  
  25  2:27  Drone  
  26  2:38  Drone x2  
  27  2:47  Queen  
  27  2:48  Drone  
  27  2:50  Drone  
  31  2:54  Drone  
  31  2:57  Metabolic Boost  
  32  2:58  Drone  
  32  3:04  Overlord  
  33  3:13  Drone  
  34  3:20  Drone x5  
  34  3:22  Queen  
  41  3:29  Drone x3  
  44  3:35  Overlord  
  44  3:40  Zergling x2  
  44  3:41  Drone  
  45  3:50  Drone x2, Overlord  
  45  3:53  Extractor  
  46  4:02  Overlord  
  46  4:03  Zergling x2  
  46  4:04  Zergling x6  
  46  4:06  Queen  
  54  4:10  Lair  
  54  4:16  Drone x6  
  58  4:20  Zergling x2  
  58  4:21  Zergling x2  
  60  4:29  Zergling x4  
  62  4:32  Spore Crawler  
  62  4:36  Spore Crawler  
  62  4:37  Zergling x10, Spore Crawler  
  64  4:41  Zergling x2  
  64  4:42  Zergling x2  
  64  4:44  Zergling x2  
  65  4:50  Zergling x8  
  62  4:53  Zergling x2  
  62  4:57  Zergling x2  
  59  5:05  Drone x5  
  59  5:06  Queen  
  65  5:16  Drone x2  
  65  5:17  Baneling Nest, Drone x2, Overlord  
  61  5:38  Zergling x2, Overlord  
  61  5:39  Zergling x10, Extractor  
  65  5:43  Drone  
  65  5:46  Hatchery  
  63  5:50  Drone  
  63  5:51  Zergling x2, Drone x2  
  63  5:52  Zergling x6  
  70  6:00  Zergling x6  
  72  6:10  Drone  
  73  6:11  Zergling x4  
  73  6:12  Centrifical Hooks  
  73  6:15  Zergling x4  
  77  6:21  Zergling x2  
  77  6:22  Zergling x10  
  82  6:26  Zergling x8  
  82  6:27  Zergling x2  
  82  6:28  Zergling x2  
  88  6:34  Overlord  
  88  6:42  Zergling x4  
  84  6:52  Extractor  
  83  6:55  Extractor  
  83  6:57  Extractor  
  77  7:03  Zergling x12  
  77  7:04  Zergling x10  
  77  7:08  Hatchery  
  87  7:15  Drone x4, Hatchery  
  90  7:18  Drone x4  
  94  7:27  Spire, Drone x4  
  97  7:30  Baneling x6  
  97  7:31  Baneling x22  
  97  7:32  Baneling x2  
  97  7:33  Baneling  
  86  7:47  Drone  
  86  7:48  Drone x5  
  86  7:49  Drone  
  86  7:50  Drone x5  
  96  7:51  Drone  
  96  7:53  Drone  
  98  7:58  Drone  
  98  7:59  Drone  
  98  8:01  Drone  
  98  8:02  Drone x2  
  103  8:05  Overlord  
  103  8:06  Overlord  
  103  8:31  Overlord x6, Extractor  
  103  8:32  Extractor  
  103  8:33  Extractor x2  
  99  8:38  Zerg Flyer Weapons Level 1  
  99  8:43  Drone x3, Infestation Pit  
  99  8:44  Overlord  
  90  9:01  Overlord  
  83  9:06  Drone  
  83  9:07  Drone x6  
  90  9:15  Mutalisk x4  
  90  9:16  Mutalisk x9  
  114  9:20  Mutalisk  
  114  9:21  Mutalisk  
  114  9:23  Mutalisk  
  122  9:26  Mutalisk  
  122  9:28  Mutalisk  
  126  9:31  Mutalisk  
  126  9:32  Mutalisk  
  130  9:39  Drone x4  
  130  9:40  Drone  
  130  9:43  Drone  
  130  9:44  Mutalisk  
  130  9:45  Mutalisk  
  140  9:46  Mutalisk  
  140  9:51  Mutalisk x2  
  146  9:55  Mutalisk  
  146  9:59  Mutalisk  
  150  10:02  Mutalisk  
  150  10:06  Mutalisk  
  154  10:09  Mutalisk  
  156  10:17  Mutalisk  
  156  10:18  Mutalisk  
  160  10:21  Drone x2  
  160  10:22  Mutalisk  
  164  10:30  Hatchery  
  164  10:31  Mutalisk x2  
  164  10:33  Hatchery  
  166  10:36  Mutalisk  
  166  10:41  Hive  
  167  10:57  Drone x2  
  166  10:59  Drone x2  
  166  11:00  Drone  
  166  11:01  Drone x7  
  166  11:02  Drone x3  
  166  11:03  Drone x5  
  184  11:14  Corruptor x6  
  196  11:28  Overlord x2  
  188  11:56  Greater Spire, Corruptor x6  
  200  12:02  Extractor  
  200  12:03  Extractor  
  200  12:04  Extractor x2  
  172  12:32  Zergling x24  
  176  12:45  Corruptor x4  
  176  12:46  Corruptor x4  
  176  12:47  Zergling x2  
  173  13:12  Brood Lord x9  
  188  13:13  Corruptor x7, Brood Lord x3  
  188  13:14  Zergling x2  
  188  13:15  Zergling x14  
Show
View Real Time Build Order
Export as new Build Order

Focus Terran - Winner!

Build Orders: Mech 

Get SALT Encoding   

  12  0:00  SCV  
  13  0:13  SCV  
  14  0:18  Supply Depot  
  14  0:25  SCV  
  15  0:31  Refinery  
  15  0:40  SCV  
  16  0:45  Barracks  
  16  0:52  SCV  
  17  1:05  SCV  
  18  1:17  SCV  
  20  1:33  Orbital Command  
  20  1:37  Reaper  
  20  2:07  Supply Depot  
  20  2:13  Factory  
  20  2:14  Command Center  
  20  2:21  SCV  
  21  2:25  Refinery  
  21  2:29  Barracks Reactor  
  21  2:45  SCV  
  22  3:17  SCV  
  22  3:18  Cyclone  
  22  3:19  Cyclone  
  29  3:29  Supply Depot  
  29  3:36  SCV, Orbital Command  
  30  3:46  Factory  
  30  3:52  Cyclone  
  33  3:57  Supply Depot  
  33  4:05  SCV x2  
  33  4:06  Command Center  
  35  4:10  Cyclone  
  38  4:25  Supply Depot  
  38  4:27  SCV x2  
  38  4:29  Cyclone  
  40  4:51  Hellion  
  39  5:00  SCV  
  39  5:01  SCV, Hellion  
  39  5:05  Factory Tech Lab  
  40  5:07  Factory  
  40  5:13  SCV x2  
  42  5:17  Refinery  
  42  5:20  Armory, Refinery  
  42  5:25  SCV x2  
  39  5:40  Hellion x2  
  39  5:41  Siege Tank  
  43  5:57  SCV x2  
  43  6:00  Factory Tech Lab  
  43  6:08  Engineering Bay  
  43  6:09  SCV  
  44  6:12  Hellion x2  
  48  6:20  Siege Tank  
  51  6:26  SCV  
  51  6:27  SCV  
  53  6:35  Supply Depot  
  40  6:47  Hellion  
  40  6:48  Hellion  
  40  6:49  Hellion  
  46  7:00  Supply Depot  
  39  7:05  Supply Depot  
  39  7:06  Supply Depot  
  39  7:09  Planetary Fortress  
  39  7:15  Siege Tank  
  42  7:18  SCV x2  
  44  7:37  SCV x2  
  44  7:49  SCV, Refinery  
  44  7:50  SCV x2  
  47  7:55  Missile Turret  
  47  7:57  Missile Turret  
  47  7:59  Missile Turret  
  47  8:01  Building Armor  
  47  8:02  Terran Vehicle Weapons Level 1  
  47  8:03  Siege Tank x2  
  47  8:04  Hellion  
  55  8:09  Hellion  
  55  8:10  SCV  
  55  8:11  SCV  
  59  8:14  SCV  
  60  8:26  SCV x2  
  62  8:30  SCV  
  63  8:35  Thor, Refinery  
  63  8:39  SCV x2  
  71  8:44  Siege Tank  
  62  9:00  Hellion  
  62  9:01  Hellion  
  64  9:04  Barracks Tech Lab  
  64  9:05  SCV x2  
  64  9:07  Starport  
  66  9:11  Supply Depot  
  66  9:12  Supply Depot  
  66  9:15  Supply Depot  
  66  9:16  SCV  
  67  9:17  SCV  
  67  9:20  SCV  
  69  9:28  SCV  
  70  9:31  Thor  
  70  9:33  Hellion  
  70  9:38  Supply Depot  
  78  9:43  SCV  
  78  9:44  SCV  
  80  9:53  Hellion x2  
  80  9:56  SCV  
  80  9:57  SCV  
  86  10:08  SCV  
  86  10:12  Siege Tank  
  86  10:13  Banshee  
  93  10:15  SCV x2  
  95  10:22  Command Center  
  95  10:35  SCV x3  
  98  10:36  Hellion x2  
  98  10:37  Siege Tank  
  105  10:44  Siege Tank, Supply Depot  
  106  11:04  Missile Turret  
  106  11:05  Missile Turret x2  
  106  11:07  Missile Turret  
  106  11:08  Thor, Missile Turret  
  106  11:10  Missile Turret  
  112  11:12  Missile Turret  
  112  11:13  Missile Turret  
  112  11:14  Missile Turret  
  112  11:17  Widow Mine x2  
  116  11:20  Supply Depot  
  116  11:29  Hi-Sec Auto Tracking  
  116  11:30  Liberator  
  115  11:33  Thor  
  100  12:00  Thor  
  96  12:16  Thor, Hellion x2  
  94  12:37  Hellion x2  
  95  13:24  Command Center  
Tags
 
Add a new tag
Caveats
  • Supply blocks, unpowered buildings, or Contaminate may cause inaccurate times.
  • Supply counts are checked every 10 seconds.